 Dungeon Crawl Stone Soup version 0.28.0 (webtiles) character file.

Game seed: 3286421249939841588

25 Colgate the Gusty (level 2, -4/20 HPs)
             Began as a Draconian Air Elementalist on Feb 5, 2022.
             Slain by Terence (15 damage)
             ... on level 2 of the Dungeon.
             The game lasted 00:05:39 (1307 turns).

Colgate the Gusty (Draconian Air Elementalist)      Turns: 1307, Time: 00:05:40

Health: -4/20      AC:  4    Str: 10    XL:     2   Next: 86%
Magic:  1/5        EV: 12    Int: 15    God:
Gold:   39         SH:  0    Dex: 11    Spells: 2/5 levels left

rFire   . . .      SeeInvis .   b - +0 whip
rCold   . . .      Faith    .   (no shield)
rNeg    . . .      Spirit   .   (armour unavailable)
rPois   .          Reflect  .   (helmet restricted)
rElec   .          Harm     .   (no cloak)
rCorr   .          Rampage  .   (no gloves)
Will    .....                   (no boots)
Stlth   ++........              (no amulet)
HPRegen 0.06/turn               (no ring)
MPRegen 0.09/turn               (no ring)

@: slowed, very slow
A: AC +4, unfitting armour, cold-blooded
a: no special abilities


You were on level 2 of the Dungeon.
You visited 1 branch of the dungeon, and saw 2 of its levels.

You collected 39 gold pieces.

Inventory:

Hand Weapons
 b - a +0 whip (weapon)
 e - a +0 hunting sling
Missiles
 c - 5 stones
 h - 2 boomerangs
Scrolls
 a - a scroll of fear {unknown}
 g - a scroll of noise {unknown}
Potions
 f - a potion of curing
 i - a potion of heal wounds


   Skills:
 - Level 1.7 Dodging
 - Level 1.7 Stealth
 - Level 2.0 Spellcasting
 - Level 1.0 Conjurations
 + Level 4.1 Air Magic


You had 2 spell levels left.
You knew the following spells:

 Your Spells              Type           Power      Damage    Failure   Level
a - Shock                 Conj/Air       36%        1d5       8%          1
b - Static Discharge      Conj/Air       9%         N/A       12%         2

Your spell library contained the following spells:

 Spells                   Type           Power      Damage    Failure   Level
 Swiftness                Air            14%        N/A       12%         3
 Airstrike                Air            7%         N/A       36%         4


Dungeon Overview and Level Annotations

Branches:
Dungeon (2/15)

Altars:

Shops:
D:1 *

Annotations:
D:2 Terence


Innate Abilities, Weirdness & Mutations

Your plain brown scales are hard. (AC +4)
You cannot fit into any form of body armour.
You are cold-blooded and may be slowed by cold attacks.


Message History

Aim: Terence, wielding a +2 morningstar of freezing and wearing a +1 chain mail of willpower (77% to hit)
The zap hits Terence but does no damage.
Casting: Shock (safe; 8% risk of failure)
Confirm with . or Enter, or press ? or * to list all spells.
Aiming: Shock (safe; 8% risk of failure)
Press: ? - help, Shift-Dir - straight line, f/p - Terence
Aim: Terence, wielding a +2 morningstar of freezing and wearing a +1 chain mail of willpower (77% to hit)
The zap hits Terence.
Terence is lightly wounded.
Casting: Shock (safe; 8% risk of failure)
Confirm with . or Enter, or press ? or * to list all spells.
Aiming: Shock (safe; 8% risk of failure)
Press: ? - help, Shift-Dir - straight line, f/p - Terence
Aim: Terence, wielding a +2 morningstar of freezing and wearing a +1 chain mail of willpower (lightly wounded, 77% to hit)
Okay, then.
Throw: 2 boomerangs
Press: ? - help, Shift-Dir - straight line, f/p - Terence
Aim: Terence, wielding a +2 morningstar of freezing and wearing a +1 chain mail of willpower (lightly wounded, 62% to hit)
You throw a boomerang. The boomerang barely misses Terence.
Casting: Shock (safe; 8% risk of failure)
Confirm with . or Enter, or press ? or * to list all spells.
Terence is struck by an arc of lightning!
Terence is heavily wounded.
The lightning grounds out.
Terence barely misses you.
You barely miss Terence.
Terence is heavily wounded.
Terence misses you.
You hit Terence but do no damage.
You tail-slap Terence, but do no damage.
Terence is heavily wounded.
Terence hits you but does no damage.
You hit Terence but do no damage.
Your tail-slap misses Terence.
Terence is heavily wounded.
Terence hits you with a +2 morningstar of freezing!
You feel yourself slow down. Terence freezes you.
You hit Terence but do no damage.
Terence is heavily wounded.
Terence hits you with a +2 morningstar of freezing!
Ouch! That really hurt!
You die...

#.>...# #. #...#
#..###.#.#####.
......@........
#..##..........
####..##.#.#######
#..... #.#.# #.##.#
#.#.###
#@##.###.....#
#####.@....(...#.#
........<.....#......
###########.#####.###
#[# .# #.# # ..# ...
...⌠


You could see Terence.

Vanquished Creatures
  4 endoplasms
  A giant cockroach (D:1)
  A hobgoblin (D:1)
  3 jackals (D:1)
  A quokka (D:1)
  3 ball pythons (D:1)
  2 bats (D:1)
  A frilled lizard (D:1)
  3 goblins (D:1)
  4 kobolds (D:1)
  A rat (D:1)
24 creatures vanquished.

Notes
Turn   | Place    | Note
-------+----------+-------------------------------------------
     0 | D:1      | Colgate the Draconian Air Elementalist began the quest for
                  | the Orb.
     0 | D:1      | Reached XP level 1. HP: 14/14 MP: 3/3
   138 | D:1      | Found Pyppet's Assorted Antiques.
   389 | D:1      | Reached XP level 2. HP: 20/20 MP: 1/5
   392 | D:1      | Learned a level 2 spell: Static Discharge
   812 | D:1      | Reached skill level 4 in Air Magic
  1283 | D:2      | Noticed Terence
  1307 | D:2      | Slain by Terence

Illustrated notes

Levels and vault maps discovered:
D:1:      wheals_arrival_shading, layout_loops_ring, serial_shops,
          nicolae_shop_crystal, glass_columns_a, minmay_crystal_room
D:2:      layout_loops_ring, hellmonk_ecumenical_altar_watching_god,
          grunt_ministairs_10, uniq_terence

Skill      XL: |  1  2 |
---------------+-------+-----
Air Magic      | 4 |  4.1
Dodging        | |  1.7
Stealth        | |  1.7
Spellcasting   | |  2.0
Conjurations   | |  1.0

Action                   || total
-------------------------++-------
Melee: Whip              ||     7
       Tailslap          ||     3
Throw: Boomerang         ||     1
 Cast: Shock             ||    40
       Static Discharge  ||     4
  Use: Scroll            ||     2
Armor: Skin              ||     3
Dodge: Dodged            ||     6
